 Dungeon Crawl Stone Soup version 0.21.1-1-g345015f (webtiles) character file.

471 4thArraOfDagon the Grave Robber (level 6, -2/49 HPs)
             Began as a Deep Dwarf Necromancer on June 8, 2018.
             Was an Initiate of Makhleb.
             Slain by a phantom (5 damage)
             ... on level 6 of the Dungeon.
             The game lasted 00:07:51 (1436 turns).

4thArraOfDagon the Grave Robber (DDNe)              Turns: 1436, Time: 00:07:53

Health: -2/49      AC:  2    Str: 11    XL:     6   Next: 83%
Magic:  2/10       EV: 12    Int: 18    God:    Makhleb [......]
Gold:   207        SH:  0    Dex: 13    Spells: 2/11 levels left

rFire    . . .     SeeInvis .   e - +0 hand axe
rCold    . . .     Gourm    .   (no shield)
rNeg     . . .     Faith    .   a - +0 robe
rPois    .         Spirit   .   (no helmet)
rElec    .         Reflect  .   (no cloak)
rCorr    .         Harm     .   (no gloves)
MR       .....                  (no boots)
Stlth    ++........             (no amulet)
HPRegen  0.00/turn              (no ring)
MPRegen  0.12/turn              (no ring)

@: non-regenerating
A: damage resistance, heal wounds, sense surroundings 1, no regeneration
a: Heal Wounds, Renounce Religion


You were on level 6 of the Dungeon.
You worshipped Makhleb.
Makhleb was noncommittal.
You were not hungry.

You visited 1 branch of the dungeon, and saw 6 of its levels.

You collected 207 gold pieces.

Inventory:

Hand Weapons
 e - a +0 hand axe (weapon)
Armour
 a - a +0 robe (worn)
Magical Staves
 h - an uncursed staff of earth
Potions
 d - a potion of mutation {unknown}
 f - a potion of curing
Books
 b - a book of Necromancy

   Spells                             Type                      Level
   a - Pain                           Necromancy                   1
   b - Animate Skeleton               Necromancy                   1
   c - Vampiric Draining              Necromancy                   3
   d - Regeneration                   Charms/Necromancy            3
   e - Animate Dead                   Necromancy                   4
   f - Borgnjor's Vile Clutch         Necromancy/Earth             5
Comestibles
 c - 3 rations


   Skills:
 + Level 3.5 Axes
 - Level 2.1 Dodging
 - Level 2.4 Stealth
 + Level 3.4 Spellcasting
 - Level 6.0 Necromancy
 * Level 4.4 Earth Magic


You had 2 spell levels left.
You knew the following spells:

 Your Spells              Type           Power        Failure   Level  Hunger
a - Pain                  Necr           ###.         1%          1    None
b - Vampiric Draining     Necr           ###.......   4%          3    ###....
c - Borgnjor's Vile Clut  Necr/Erth      ###.......   45%         5    ######.


Dungeon Overview and Level Annotations

Branches:
Dungeon (6/15)
 Temple: D:4-7

Altars:
Gozag
Hepliaklqana
Makhleb
Nemelex Xobeh
Okawaru
Qazlal
Ru
Wu Jian
Zin
The Shining One

Annotations:
D:6 Prince Ribbit


Innate Abilities, Weirdness & Mutations

You are resistant to damage.
You can heal yourself by infusing magical energy.
You passively map a small area around you.
You do not regenerate.


Message History

The phantom hits you!
You hit the bullfrog.
The bullfrog is almost dead.
You closely miss the phantom. The bullfrog hits you!
* * * LOW HITPOINT WARNING * * *
The phantom hits you!
* * * LOW HITPOINT WARNING * * *
The bullfrog barely misses you.
You hit the bullfrog.
You kill the bullfrog!
Makhleb accepts your kill.
Your Earth Magic skill increases to level 4!
You barely miss the phantom. The phantom hits you!
* * * LOW HITPOINT WARNING * * *
Unknown command.
Unknown command.
You see here a bullfrog corpse.
Unknown command.
You fail to use your ability.
The phantom hits you!
You die...

#.#####.#.# * #. #.........# #
#.* #######.### , # #. ##'## ,
# ##.** ##...## ## ,* .. ###
##.....## . #.##.##
##.......## ##
######.#...####.........####.
............@W'.........'.<..
*####.......####.........####.
###.#.##.## ##.......## ##
#........# ##.....## #
#.#.#.##.# ##...## # #.#.##.#
##'######## # #.##.#
#........# #.#.##.# #........#
#.#.#.##.# ##........##


You could see a phantom.

Vanquished Creatures
  An ogre (D:5)
  3 bullfrogs (D:6)
  2 hounds
  A centaur skeleton (D:5)
  2 worker ants
  A howler monkey skeleton (D:5)
  2 adders
  A shadow imp (D:5)
  A worm (D:5)
  A leopard gecko (D:3)
  3 orcs (D:4)
  2 hobgoblins
  A kobold (D:1)
  A quokka (D:4)
  A ball python (D:1)
  3 goblins
  A quokka zombie (D:5)
27 creatures vanquished.

Notes
Turn   | Place    | Note
-------+----------+-------------------------------------------
     0 | D:1      | 4thArraOfDagon the Deep Dwarf Necromancer began the quest for the Orb.
     0 | D:1      | Reached XP level 1. HP: 15/15 MP: 3/3
   150 | D:3      | Noticed a worker ant
   206 | D:2      | Reached XP level 2. HP: 14/22 MP: 0/5
   397 | D:4      | Reached skill level 1 in Axes
   397 | D:4      | Reached skill level 5 in Necromancy
   397 | D:4      | Reached XP level 3. HP: 22/28 MP: 1/5
   411 | D:4      | Learned a level 3 spell: Vampiric Draining
   428 | D:5      | Entered Level 5 of the Dungeon
   479 | D:4      | Noticed a phantom
   486 | D:5      | Found a stormy altar of Qazlal.
   486 | D:5      | Noticed a water elemental
   491 | D:5      | Noticed an air elemental
   510 | D:6      | Noticed a phantom
   544 | D:6      | Noticed a bullfrog
   569 | D:6      | Found an iron altar of Okawaru.
   573 | D:6      | Noticed Prince Ribbit
   592 | D:6      | Reached XP level 4. HP: 17/36 MP: 0/6
   616 | D:5      | Found an ornate altar of the Wu Jian Council.
   866 | D:5      | Reached skill level 6 in Necromancy
   866 | D:5      | Reached XP level 5. HP: 40/42 MP: 6/8
   882 | D:5      | Learned a level 5 spell: Borgnjor's Vile Clutch
   928 | D:5      | Noticed an ogre
   938 | D:5      | Killed an ogre
   951 | D:5      | Found an opulent altar of Gozag.
   952 | D:5      | Found a glowing silver altar of Zin.
  1122 | D:4      | Found a sparkling altar of Nemelex Xobeh.
  1176 | D:4      | Noticed a phantom
  1240 | D:3      | Found a sacrificial altar of Ru.
  1243 | D:3      | Found a glowing golden altar of the Shining One.
  1246 | D:3      | Found a burning altar of Makhleb.
  1249 | D:3      | Found a hazy altar of Hepliaklqana.
  1255 | D:3      | Became a worshipper of Makhleb the Destroyer
  1282 | D:3      | Reached XP level 6. HP: 25/49 MP: 3/9
  1436 | D:6      | Slain by a phantom

Skill      XL: |  1  2  3  4  5  6 |
---------------+-------------------+-----
Spellcasting   | 2 3 |  3.4
Axes           | 1 2 3 |  3.5
Necromancy     | 5 6 |  6.0
Earth Magic    | 2 4 |  4.4
Dodging        | |  2.1
Stealth        | |  2.4

Action                   |  1- 3 |  4- 6 || total
-------------------------+-------+-------++-------
Melee: Unarmed           |     6 |       ||     6
       Hand axe          |    29 |    41 ||    70
       Staff             |       |     9 ||     9
 Cast: Pain              |    22 |     7 ||    29
       Vampiric Draining |     1 |    16 ||    17
 Abil: Heal Wounds       |     2 |     1 ||     3
  Use: Scroll            |     2 |     2 ||     4
       Potion            |     1 |     5 ||     6
 Stab: Sleeping          |     1 |     1 ||     2
  Eat: Chunk             |       |     1 ||     1
       Ration            |       |     1 ||     1
Armor: Robe              |     8 |    10 ||    18
Dodge: Dodged            |    34 |    73 ||   107
